[Event "Team 45 45 League T93"]
[Site "Internet Chess Club"]
[Date "2022.08.07"]
[Round "4"]
[White "bobhill"]
[Black "ElValero"]
[Result "1-0"]
[WhiteElo "1921"]
[BlackElo "1748"]
[Opening "Queen's bishop game"]
[ECO "D02"]
[Time "14:06:44"]
[PlyCount "79"]
[TimeControl "2700+45"]

1. d4 Nf6 2. Nf3 d5 3. Bf4 g6 4. e3 Bg7 5. Bd3 O-O 6. O-O c5 7. c3 b6 8. Ne5 Bb7
9. Nd2 Nfd7 10. Nxd7 Nxd7 11. h3 e5 12. dxe5 Nxe5 13. Bc2 d4 14. cxd4 cxd4 15.
Re1 dxe3 16. Rxe3 Qd4 17. Bxe5 Bxe5 18. Rd3 Qf4 19. g3 Qf6 20. Nf3 Bxb2 21. Rb1
Be5 22. Re3 Rad8 23. Qe2 Bd4 24. Nxd4 Rxd4 25. Bb3 Qc6 26. f3 Qd6 27. Qe1 Rd3
28. Kg2 Rd2+ 29. Kh1 Qd7 30. Kg1 Rd8 31. Rc1 Qxh3 32. Re8+ Kg7 33. Qe5+ Kh6 34.
Qf4+ Kh5 35. Re5+ f5 36. g4+ Kh4 37. gxf5+ Kh5 38. fxg6+ Kxg6 39. Rg5+ Kh6 40.
Qf6# {Black checkmated} 1-0

[Event "Team 45 45 League T93"]
[Site "Internet Chess Club"]
[Date "2022.08.09"]
[Round "4"]
[White "VictorRed"]
[Black "Beetlejuice"]
[Result "1/2-1/2"]
[WhiteElo "1688"]
[BlackElo "1679"]
[Opening "Réti v Dutch"]
[ECO "A87"]
[Time "13:01:54"]
[PlyCount "55"]
[TimeControl "2700+45"]

1. Nf3 f5 2. d4 Nf6 3. g3 g6 4. Bg2 Bg7 5. O-O d6 6. c4 O-O 7. Nc3 Qe8 8. Nb5
Na6 9. Nc3 e5 10. d5 Nc5 11. Nd2 a5 12. a3 a4 13. Rb1 Bd7 14. e4 f4 15. f3 Bh6
16. g4 Bg5 17. Qe2 Kf7 18. Rd1 h5 19. h3 Rh8 20. Bf1 Bh4 21. Bg2 Qe7 22. b4 axb3
23. Nxb3 Nxb3 24. Rxb3 b6 25. Bd2 Kg7 26. Be1 Bxe1 27. Rxe1 g5 28. Nb5 {Game
drawn by mutual agreement} 1/2-1/2

[Event "Team 45 45 League T93"]
[Site "Internet Chess Club"]
[Date "2022.08.05"]
[Round "4"]
[White "ZenoElea"]
[Black "Portola"]
[Result "1-0"]
[WhiteElo "1747"]
[BlackElo "1658"]
[Opening "Réti: King's Indian attack, French variation"]
[ECO "C00"]
[Time "18:00:35"]
[PlyCount "79"]
[TimeControl "2700+45"]

1. e4 e6 2. d3 d5 3. Nd2 c5 4. Ngf3 Nc6 5. g3 Nf6 6. Bg2 Be7 7. O-O O-O 8. Re1
b6 9. b3 Bb7 10. Bb2 d4 11. a4 Qc7 12. c3 dxc3 13. Bxc3 Rad8 14. Nc4 Nd4 15. Rc1
Qb8 16. Nxd4 cxd4 17. Bd2 Nd7 18. b4 e5 19. f4 exf4 20. Bxf4 Qa8 21. Nd6 Bxd6
22. Bxd6 Rfe8 23. Rc7 Ne5 24. Bxe5 Rxe5 25. Rf1 Rf8 26. Qf3 f6 27. Qg4 Rg5 28.
Qd7 Bc8 29. Qxd4 Be6 30. Qd6 Bf7 31. e5 Qe8 32. exf6 Qe3+ 33. Kh1 gxf6 34. Qxf6
Rg7 35. Rxf7 Rgxf7 36. Bd5 Qe8 37. Rf5 Qe1+ 38. Kg2 Qe2+ 39. Kh3 Qe3 40. Bxf7+
{Black resigns} 1-0

[Event "Team 45 45 League T93"]
[Site "Internet Chess Club"]
[Date "2022.08.02"]
[Round "4"]
[White "mongmong"]
[Black "Rookmaster"]
[Result "1-0"]
[WhiteElo "1494"]
[BlackElo "1461"]
[Opening "Queen's pawn game"]
[ECO "D04"]
[Time "20:01:07"]
[PlyCount "87"]
[TimeControl "2700+45"]

1. d4 d5 2. Nf3 Nf6 3. e3 a6 4. Bd3 e6 5. Nbd2 c5 6. c3 Nc6 7. O-O Qc7 8. Qe2
cxd4 9. cxd4 Bd6 10. a3 e5 11. dxe5 Nxe5 12. Nxe5 Bxe5 13. h3 O-O 14. Nf3 Re8
15. Qc2 Be6 16. Qxc7 Bxc7 17. Bd2 Rac8 18. Bc3 Ne4 19. Bxe4 dxe4 20. Nd4 Rcd8
21. Nxe6 Rxe6 22. Rfd1 Red6 23. Rxd6 Bxd6 24. Kf1 f5 25. Ke2 Kf7 26. Rd1 Bc7 27.
Rxd8 Bxd8 28. b3 b5 29. a4 bxa4 30. bxa4 g6 31. Kd2 Ke6 32. Kc2 Kd5 33. Kb3 Kc5
34. Bd4+ Kc6 35. Kc4 Be7 36. f3 exf3 37. gxf3 g5 38. Be5 h5 39. Bb8 Bd6 40. Bxd6
Kxd6 41. Kd4 g4 42. fxg4 fxg4 43. hxg4 h4 44. Ke4 {Black resigns} 1-0

[Event "Team 45 45 League T93"]
[Site "Internet Chess Club"]
[Date "2022.08.08"]
[Round "4"]
[White "fishhead"]
[Black "LookImYourVader"]
[Result "1-0"]
[WhiteElo "1753"]
[BlackElo "1785"]
[Opening "Sicilian: O'Kelly variation"]
[ECO "B28"]
[Time "17:00:44"]
[PlyCount "123"]
[TimeControl "2700+45"]

1. e4 c5 2. Nf3 a6 3. g3 Nc6 4. Bg2 d6 5. O-O Nf6 6. d3 Be6 7. Nc3 Qc7 8. Ng5
Bd7 9. f4 Bg4 10. Nf3 e5 11. h3 Bxf3 12. Qxf3 Nd4 13. Qf2 Be7 14. Nd5 Nxd5 15.
exd5 O-O 16. c3 Nf5 17. fxe5 g6 18. g4 Bh4 19. Qf3 Ng3 20. exd6 Qxd6 21. Bf4
Qxf4 22. Qxf4 Ne2+ 23. Kh2 Nxf4 24. Rxf4 Rae8 25. Re4 Rxe4 26. dxe4 Bf6 27. Bf3
Be5+ 28. Kg2 b6 29. g5 h5 30. Rd1 Rd8 31. Be2 a5 32. Kf3 Kf8 33. a4 Ke7 34. Rf1
Rf8 35. Ke3 f6 36. gxf6+ Rxf6 37. Rg1 h4 38. Rg2 Bf4+ 39. Kd3 Bg3 40. Bg4 Kd6
41. Re2 Be5 42. Kc4 Kc7 43. Be6 Rf4 44. Kb5 Rf6 45. Re3 Rf2 46. b3 Rf4 47. Bg4
Rf2 48. d6+ Kxd6 49. Rd3+ Ke7 50. Kxb6 Rc2 51. c4 Rc3 52. Rxc3 Bxc3 53. Kxc5
Bb4+ 54. Kd5 g5 55. e5 Be1 56. c5 Bf2 57. c6 Bb6 58. Ke4 Bd8 59. Kf5 Kf7 60.
Bh5+ Kg7 61. Ke6 Kf8 62. Kd7 {Black resigns} 1-0

[Event "Team 45 45 League T93"]
[Site "Internet Chess Club"]
[Date "2022.08.07"]
[Round "4"]
[White "walkover"]
[Black "fvafier"]
[Result "0-1"]
[WhiteElo "1706"]
[BlackElo "1530"]
[Opening "QGD Slav: 4.Nc3"]
[ECO "D15"]
[Time "12:00:54"]
[PlyCount "94"]
[TimeControl "2700+45"]

1. d4 d5 2. c4 c6 3. Nf3 Nf6 4. Nc3 Nbd7 5. cxd5 cxd5 6. Bf4 e6 7. e3 a6 8. Bd3
Be7 9. O-O O-O 10. Rc1 Nh5 11. Ne5 Nxf4 12. exf4 f6 13. Qh5 f5 14. Rfe1 Nf6 15.
Qd1 Qd6 16. Na4 Nd7 17. a3 Nxe5 18. fxe5 Qd8 19. b4 a5 20. Qb3 axb4 21. axb4 Bd7
22. b5 b6 23. Ra1 Qb8 24. Rec1 Rc8 25. Nb2 Rxc1+ 26. Rxc1 Qa7 27. h3 Rc8 28. Rb1
Qa5 29. Nd1 h6 30. Bxf5 Qe1+ 31. Kh2 Qd2 32. Qd3 Qf4+ 33. g3 Qxf5 34. Qxf5 exf5
35. Ne3 Be6 36. Ra1 Bb4 37. Ra6 Ba5 38. Ra7 Kf8 39. Ng2 Bc3 40. Nf4 Bf7 41. e6
Be8 42. Nxd5 Bxd4 43. Kg2 Bc5 44. g4 fxg4 45. hxg4 Bxb5 46. f4 Bc6 47. Rf7+ Ke8
{White resigns} 0-1

[Event "Team 45 45 League T93"]
[Site "Internet Chess Club"]
[Date "2022.08.05"]
[Round "4"]
[White "Signofthetimes"]
[Black "ARMAND02019"]
[Result "1-0"]
[WhiteElo "1522"]
[BlackElo "1608"]
[Opening "Sicilian defense"]
[ECO "B30"]
[Time "21:00:54"]
[PlyCount "55"]
[TimeControl "2700+45"]

1. e4 c5 2. Nf3 Nc6 3. Bc4 e6 4. Nc3 Be7 5. d4 cxd4 6. Nxd4 Nxd4 7. Qxd4 Bf6 8.
Qd3 a6 9. O-O b5 10. Bb3 Bb7 11. a3 g6 12. Bf4 Rc8 13. Rfe1 Bxc3 14. bxc3 Qf6
15. Bd2 Ne7 16. c4 bxc4 17. Bxc4 e5 18. Rab1 Qc6 19. Rxb7 Qxb7 20. Bxa6 Qc7 21.
Bxc8 Nxc8 22. Bh6 Qa5 23. Rd1 d6 24. Bg7 Rg8 25. Bf6 g5 26. h4 h6 27. Qc4 Qa8
28. Qc7 {Black resigns} 1-0

[Event "Team 45 45 League T93"]
[Site "Internet Chess Club"]
[Date "2022.08.04"]
[Round "4"]
[White "julesraider"]
[Black "BlueStorm"]
[Result "1-0"]
[WhiteElo "1618"]
[BlackElo "1378"]
[Opening "Modern defense: Averbakh system, Kotov variation"]
[ECO "A40"]
[Time "18:01:14"]
[PlyCount "149"]
[TimeControl "2700+45"]

1. d4 g6 2. c4 Bg7 3. Nc3 d6 4. e4 Nc6 5. Be3 e5 6. d5 Nce7 7. Nf3 Bg4 8. Be2
Bxf3 9. Bxf3 f5 10. O-O f4 11. Bd2 Nf6 12. b4 Neg8 13. c5 Nh6 14. a4 g5 15. Bh5+
Kf8 16. Rc1 g4 17. cxd6 cxd6 18. h3 Nxh5 19. hxg4 Qh4 20. gxh5 Ng4 21. Re1 Qxf2+
22. Kh1 Qh4+ 23. Kg1 Qh2+ 24. Kf1 Qh1+ 25. Ke2 Qxg2+ 26. Kd3 Nf2+ 27. Kc2 Nxd1
28. Rcxd1 Qg5 29. Rh1 Rc8 30. Kb2 Bh6 31. Rdg1 Qd8 32. Rg4 Rg8 33. Rhg1 Rxg4 34.
Rxg4 Rc7 35. Rg1 Rg7 36. Rc1 Rg2 37. Rc2 Qb6 38. Nb5 f3 39. Bxh6+ Kg8 40. Bd2
Rxd2 41. Rxd2 Qe3 42. Kc1 f2 43. Kc2 Qxd2+ 44. Kxd2 f1=Q 45. Nxd6 Qb1 46. Kc3
Qc1+ 47. Kb3 Qe3+ 48. Kc4 a6 49. a5 Qd4+ 50. Kb3 Qd3+ 51. Kb2 Kg7 52. Nf5+ Kf6
53. Nd6 Ke7 54. Nxb7 Qxe4 55. d6+ Ke8 56. d7+ Kf8 57. d8=Q+ Kg7 58. Qg5+ Kh8 59.
Qf6+ Kg8 60. Qf7+ Kxf7 61. Nd6+ Ke6 62. Nxe4 Kf5 63. Nc5 e4 64. Kc2 Kf4 65. Kd2
e3+ 66. Ke2 Ke5 67. Nxa6 Kd6 68. Kxe3 Kc6 69. Nc5 Kb5 70. Nd3 h6 71. Kd4 Kc6 72.
a6 Kb6 73. Nc5 Ka7 74. Ke5 Kb6 75. Kf6 {Black resigns} 1-0

[Event "Team 45 45 League T93"]
[Site "Internet Chess Club"]
[Date "2022.08.07"]
[Round "4"]
[White "Timmah4651"]
[Black "MrAbendroth"]
[Result "0-1"]
[WhiteElo "1578"]
[BlackElo "1689"]
[Opening "Sicilian: Alapin's variation (2.c3)"]
[ECO "B22"]
[Time "06:04:52"]
[PlyCount "32"]
[TimeControl "2700+45"]

1. e4 c5 2. c3 Nf6 3. e5 Nd5 4. d4 cxd4 5. cxd4 e6 6. Nf3 d6 7. Nc3 Nxc3 8. bxc3
Qc7 9. Qb3 Nc6 10. Rb1 dxe5 11. Ba3 Be7 12. Bxe7 Qxe7 13. Nxe5 Nxe5 14. dxe5 O-O
15. h4 Qc5 16. f4 Qe3+ {White resigns} 0-1

[Event "Team 45 45 League T93"]
[Site "Internet Chess Club"]
[Date "2022.08.06"]
[Round "4"]
[White "Redman1"]
[Black "Insan996"]
[Result "1/2-1/2"]
[WhiteElo "1626"]
[BlackElo "1590"]
[Opening "Bogo-Indian defense"]
[ECO "E11"]
[Time "15:47:42"]
[PlyCount "71"]
[TimeControl "2700+45"]

1. d4 Nf6 2. Nf3 e6 3. c4 Bb4+ 4. Bd2 Bxd2+ 5. Qxd2 d6 6. Nc3 b6 7. e3 Bb7 8.
Be2 O-O 9. O-O Nbd7 10. Qc2 c5 11. Rfd1 Qe7 12. Rac1 h6 13. d5 e5 14. e4 Nh7 15.
Bf1 Ng5 16. Nxg5 Qxg5 17. Qd2 Qg6 18. g3 f5 19. exf5 Qxf5 20. Nb5 Rf6 21. Nc7
Rc8 22. Ne6 Nf8 23. Nxf8 Rcxf8 24. Rc2 Bc8 25. Bg2 Qg6 26. Rf1 Bf5 27. Rc3 Qf7
28. Rf3 Qg6 29. Ra3 R6f7 30. Rc3 Bg4 31. Re3 h5 32. h4 Bf3 33. Bxf3 Rxf3 34.
Rxf3 Rxf3 35. Qe2 Qd3 36. Re1 {Game drawn by mutual agreement} 1/2-1/2

[Event "Team 45 45 League T93"]
[Site "Internet Chess Club"]
[Date "2022.08.06"]
[Round "4"]
[White "fireball"]
[Black "Egmont"]
[Result "0-1"]
[WhiteElo "1528"]
[BlackElo "1632"]
[Opening "French: Two knights variation"]
[ECO "C00"]
[Time "08:05:07"]
[PlyCount "84"]
[TimeControl "2700+45"]

1. e4 e6 2. Nf3 d5 3. Nc3 dxe4 4. Nxe4 Nd7 5. d4 Ngf6 6. Ng3 c5 7. Bc4 cxd4 8.
Nxd4 Bc5 9. O-O O-O 10. b3 Nb6 11. c3 Nxc4 12. bxc4 Qe7 13. Nb3 Rd8 14. Qf3 Bd6
15. Bg5 h6 16. Bxf6 Qxf6 17. Qxf6 gxf6 18. Nh5 Be5 19. Rac1 f5 20. f4 Bh8 21.
Nd4 Bd7 22. Nf3 b6 23. Ne5 Ba4 24. Rf3 Bxe5 25. fxe5 Rd1+ 26. Rxd1 Bxd1 27. Rg3+
Kf8 28. Nf6 Ke7 29. Ng8+ Kd7 30. Nxh6 Ke7 31. Ng8+ Kf8 32. Nf6 Ke7 33. Rd3 Ba4
34. Rg3 Rc8 35. Rg8 Rxc4 36. Re8+ Bxe8 37. g3 Bc6 38. h4 Rxc3 39. Kf2 Rc5 40.
Ng8+ Kf8 41. Nf6 Rxe5 42. h5 Kg7 {White resigns} 0-1

[Event "Team 45 45 League T93"]
[Site "Internet Chess Club"]
[Date "2022.08.06"]
[Round "4"]
[White "laurenpar"]
[Black "jy2020"]
[Result "0-1"]
[WhiteElo "1908"]
[BlackElo "2161"]
[Opening "Nimzovich-Larsen attack"]
[ECO "A01"]
[Time "21:01:49"]
[PlyCount "78"]
[TimeControl "2700+45"]

1. b3 e6 2. Bb2 Nf6 3. e3 d5 4. Nf3 Be7 5. d4 O-O 6. Nbd2 b6 7. Bd3 Bb7 8. O-O
Ne4 9. c4 Nd7 10. a3 f5 11. Ne5 Nxe5 12. dxe5 Nxd2 13. Qxd2 dxc4 14. bxc4 Qe8
15. Qe2 Rd8 16. Rfd1 Qc6 17. f3 Bc5 18. Kh1 Rd7 19. Bc2 Rfd8 20. Rxd7 Rxd7 21.
Rd1 Ba6 22. e4 f4 23. Rxd7 Qxd7 24. Qd3 Qxd3 25. Bxd3 Be3 26. g3 c6 27. Kg2 b5
28. cxb5 Bxb5 29. Bxb5 cxb5 30. h4 Kf7 31. g4 g5 32. h5 Ke7 33. Kf1 Kd7 34. Ke2
Kc6 35. Kd3 Kb6 36. Bc3 Bc5 37. Bb2 Ka5 38. Bd4 Bxd4 39. Kxd4 Kb6 {White
resigns} 0-1

[Event "Team 45 45 League T93"]
[Site "Internet Chess Club"]
[Date "2022.08.03"]
[Round "4"]
[White "cyborg86"]
[Black "fishhead"]
[Result "1-0"]
[WhiteElo "2271"]
[BlackElo "1734"]
[Opening "Queen's pawn: London system"]
[ECO "A45"]
[Time "22:30:43"]
[PlyCount "21"]
[TimeControl "2700+45"]

1. d4 Nf6 2. Bf4 g6 3. Nc3 d6 4. e4 Bg7 5. Qd2 Nbd7 6. O-O-O c5 7. dxc5 Nxc5 8.
e5 Nfe4 9. Nxe4 Nxe4 10. Qe3 f5 11. f3 {Black resigns} 1-0

[Event "Team 45 45 League T93"]
[Site "Internet Chess Club"]
[Date "2022.08.06"]
[Round "4"]
[White "zethhon"]
[Black "timcent"]
[Result "0-1"]
[WhiteElo "1522"]
[BlackElo "1888"]
[Opening "Queen's pawn: London system"]
[ECO "A45"]
[Time "01:00:34"]
[PlyCount "102"]
[TimeControl "2700+45"]

1. d4 Nf6 2. Bf4 e6 3. e3 Be7 4. Nd2 O-O 5. Bd3 d6 6. h3 c5 7. c3 Nc6 8. Ngf3
cxd4 9. exd4 h6 10. Qe2 d5 11. O-O Bd6 12. Ne5 Bxe5 13. dxe5 Nd7 14. Rae1 Nc5
15. Bc2 Ne7 16. Qg4 Nf5 17. Nf3 g6 18. Nd4 Kh7 19. Nxf5 exf5 20. Qg3 Ne6 21. Be3
Bd7 22. Rd1 Bc6 23. Rd2 Qe7 24. Bb3 Nc5 25. Bxd5 Ne4 26. Bxe4 Bxe4 27. Rfd1 Rad8
28. Bxa7 Rxd2 29. Rxd2 Re8 30. Bd4 Qe6 31. b3 Bc6 32. Qe3 Rg8 33. c4 g5 34. Bc3
f4 35. Qd3+ Rg6 36. b4 b6 37. b5 Ba8 38. Qd8 Qxc4 39. Qxa8 Qxc3 40. Qd5 Re6 41.
Qe4+ Kg7 42. Re2 Qc5 43. a4 Qc3 44. h4 Qc5 45. Qf5 Qe7 46. Re4 Qd8 47. hxg5 hxg5
48. Re1 Qd2 49. Qe4 Qc3 50. Re2 Qc1+ 51. Kh2 Rh6# {White checkmated} 0-1

[Event "Team 45 45 League T93"]
[Site "Internet Chess Club"]
[Date "2022.08.08"]
[Round "4"]
[White "Alec-hine"]
[Black "vollmerj"]
[Result "1/2-1/2"]
[WhiteElo "1689"]
[BlackElo "1473"]
[Opening "Trompowsky attack (Ruth, Opocenský opening)"]
[ECO "A45"]
[Time "20:31:01"]
[PlyCount "21"]
[TimeControl "2700+45"]

1. d4 Nf6 2. Bg5 c5 3. Bxf6 gxf6 4. d5 b6 5. e4 d6 6. Ne2 f5 7. exf5 Bxf5 8. Ng3
Bg6 9. h4 h5 10. Bd3 Bg7 11. Bxg6 {Game drawn by mutual agreement} 1/2-1/2

[Event "Team 45 45 League T93"]
[Site "Internet Chess Club"]
[Date "2022.08.04"]
[Round "4"]
[White "MichaelIC"]
[Black "AlekMoro"]
[Result "1-0"]
[WhiteElo "2114"]
[BlackElo "1933"]
[Opening "QGD: exchange, positional line"]
[ECO "D35"]
[Time "13:01:35"]
[PlyCount "67"]
[TimeControl "2700+45"]

1. d4 d5 2. c4 e6 3. Nc3 Nf6 4. cxd5 exd5 5. Bg5 Bb4 6. e3 h6 7. Bh4 O-O 8. Bd3
Re8 9. Ne2 c6 10. O-O Nbd7 11. Qc2 Be7 12. f3 b6 13. Rad1 Bb7 14. h3 Rc8 15. e4
c5 16. e5 Nh5 17. Bxe7 Qxe7 18. Bf5 g6 19. Bg4 Ng7 20. f4 h5 21. Bf3 Nf5 22. Qd3
cxd4 23. Nxd4 Nxd4 24. Qxd4 Rc4 25. Nxd5 Bxd5 26. Qxd5 Qc5+ 27. Kh2 Nf8 28. Qxc5
Rxc5 29. Bd5 Rc2 30. b4 Rec8 31. Bb3 Re2 32. f5 gxf5 33. Rxf5 Ne6 34. Rd7 {Black
resigns} 1-0

[Event "Team 45 45 League T93"]
[Site "Internet Chess Club"]
[Date "2022.08.05"]
[Round "4"]
[White "primerpaso"]
[Black "cool64chess"]
[Result "1/2-1/2"]
[WhiteElo "1810"]
[BlackElo "1978"]
[Opening "English opening"]
[ECO "D35"]
[Time "10:11:14"]
[PlyCount "40"]
[TimeControl "2700+45"]

1. c4 e6 2. Nc3 d5 3. cxd5 exd5 4. d4 Nf6 5. g3 Be7 6. Bg2 c6 7. Nf3 h6 8. O-O
Bf5 9. h3 O-O 10. a3 a5 11. Ne5 Nbd7 12. Kh2 Bd6 13. Bf4 Qe7 14. Nxd7 Qxd7 15.
Qd2 Rfe8 16. Rfe1 b5 17. f3 Rad8 18. Bxd6 Qxd6 19. e4 dxe4 20. fxe4 Bg6 {Game
drawn by mutual agreement} 1/2-1/2

[Event "Team 45 45 League T93"]
[Site "Internet Chess Club"]
[Date "2022.08.09"]
[Round "4"]
[White "Tufnell"]
[Black "Portola"]
[Result "1-0"]
[WhiteElo "1901"]
[BlackElo "1642"]
[Opening "French: Rubinstein variation"]
[ECO "C10"]
[Time "09:01:57"]
[PlyCount "107"]
[TimeControl "2700+45"]

1. e4 e6 2. d4 d5 3. Nc3 dxe4 4. Nxe4 Be7 5. Nf3 Nd7 6. Bd3 Ngf6 7. Nxf6+ Bxf6
8. Qe2 O-O 9. c3 c5 10. Be3 cxd4 11. Bxd4 e5 12. Be3 b6 13. O-O-O Qc7 14. Bg5
Bb7 15. Bxf6 Bxf3 16. Qxf3 Nxf6 17. Rhe1 a6 18. g4 Rfe8 19. g5 e4 20. Bxe4 Nxe4
21. Rxe4 Red8 22. Red4 Rf8 23. h4 Rac8 24. Rd7 Qc4 25. h5 Qxa2 26. h6 Qa1+ 27.
Kc2 Qa4+ 28. Kb1 Qc4 29. hxg7 Rfe8 30. Qd5 Qxd5 31. R1xd5 Kxg7 32. Rf5 Rf8 33.
Rd6 Rc5 34. Rxc5 bxc5 35. Rxa6 Re8 36. Rc6 Re5 37. f4 Rf5 38. Kc2 f6 39. gxf6+
Rxf6 40. Rxc5 Rxf4 41. b4 Rf6 42. b5 Rb6 43. c4 Kf7 44. Kc3 h6 45. Kb4 Ke7 46.
Rh5 Kd7 47. c5 Re6 48. Ka5 Kc7 49. Rf5 Rg6 50. Rf7+ Kc8 51. Rh7 Kb8 52. c6 Kc8
53. Kb6 Kd8 54. Kb7 {Black resigns} 1-0

[Event "Team 45 45 League T93"]
[Site "Internet Chess Club"]
[Date "2022.08.06"]
[Round "4"]
[White "walkover"]
[Black "Signofthetimes"]
[Result "1-0"]
[WhiteElo "1731"]
[BlackElo "1514"]
[Opening "Caro-Kann: Tartakower (fantasy) variation"]
[ECO "B12"]
[Time "10:32:06"]
[PlyCount "65"]
[TimeControl "2700+45"]

1. e4 c6 2. d4 d5 3. f3 e6 4. Nc3 Bb4 5. Bf4 Ne7 6. Qd2 O-O 7. Nge2 Nd7 8. a3
Ba5 9. g4 Ng6 10. Bg5 Qc7 11. b4 Bb6 12. e5 a6 13. h4 f6 14. exf6 Nxf6 15. h5
Ne7 16. Bf4 Qd8 17. g5 Ne8 18. g6 Nf5 19. Bg5 Qc7 20. gxh7+ Kxh7 21. Bf4 Qf7 22.
O-O-O Bc7 23. Bxc7 Qxc7 24. Nf4 Nxd4 25. Ng6 Nxf3 26. Nxf8+ Kg8 27. Qe3 Qf7 28.
Be2 d4 29. Qxf3 Qxf3 30. Bxf3 dxc3 31. Ng6 Nf6 32. Rd8+ Kh7 33. Rh8# {Black
checkmated} 1-0

[Event "Team 45 45 League T93"]
[Site "Internet Chess Club"]
[Date "2022.08.03"]
[Round "4"]
[White "Kingofknights"]
[Black "ARMAND02019"]
[Result "0-1"]
[WhiteElo "1466"]
[BlackElo "1630"]
[Opening "QGD Slav: Soultanbéieff variation"]
[ECO "D16"]
[Time "18:04:20"]
[PlyCount "42"]
[TimeControl "2700+45"]

1. d4 d5 2. c4 c6 3. Nf3 Nf6 4. Nc3 dxc4 5. a4 e6 6. e4 Bb4 7. e5 Ne4 8. Bd2
Nxd2 9. Qxd2 b5 10. axb5 cxb5 11. Be2 Bb7 12. O-O a6 13. Qe3 Nc6 14. Rfd1 Ne7
15. Ne4 Nd5 16. Qc1 Rc8 17. Nc3 O-O 18. h4 h6 19. Nxd5 Qxd5 20. Qe3 c3 21. Ne1
c2 {White resigns} 0-1

[Event "Team 45 45 League T93"]
[Site "Internet Chess Club"]
[Date "2022.08.07"]
[Round "4"]
[White "jfkingiii"]
[Black "tightfist"]
[Result "1-0"]
[WhiteElo "1492"]
[BlackElo "1425"]
[Opening "French: Winawer (Nimzovich) variation"]
[ECO "C15"]
[Time "20:02:22"]
[PlyCount "153"]
[TimeControl "2700+45"]

1. e4 e6 2. d4 d5 3. Nc3 Bb4 4. exd5 exd5 5. Bd3 Nf6 6. Ne2 h6 7. O-O O-O 8. Bf4
c6 9. a3 Bd6 10. Bxd6 Qxd6 11. Ng3 Be6 12. Re1 Nbd7 13. Bf5 Rfe8 14. Qd3 Nf8 15.
Re2 Bd7 16. Rae1 Rxe2 17. Rxe2 Re8 18. Rxe8 Nxe8 19. Bxd7 Qxd7 20. Nd1 Nf6 21.
Ne3 Ne6 22. c3 Nf4 23. Qf5 Qxf5 24. Nexf5 Nd3 25. b4 Kf8 26. Nd6 b6 27. Nc8 c5
28. Nxa7 cxd4 29. cxd4 Ng4 30. Nh1 Ne1 31. Nc8 b5 32. Na7 Nc2 33. Nxb5 Ke7 34.
h3 Nf6 35. Ng3 g6 36. f3 Kd7 37. Ne2 Kc6 38. Nec3 Nd7 39. Kf2 Nb6 40. Kg3 Nc4
41. Kf4 Nd6 42. Nxd6 Kxd6 43. Nb5+ Kc6 44. a4 Nxb4 45. Ke5 Kd7 46. Nc3 Nd3+ 47.
Kxd5 Nf4+ 48. Ke5 Nxg2 49. Kf6 Ke8 50. a5 Nf4 51. a6 Ne6 52. a7 Nc7 53. Nb5 Nd5+
54. Ke5 Nb6 55. Nc7+ Kd7 56. a8=Q Nxa8 57. Nxa8 h5 58. Kf6 Ke8 59. Nb6 Kf8 60.
d5 Ke8 61. d6 h4 62. d7+ Kd8 63. Kxf7 g5 64. Kf8 Kc7 65. Ke7 Kxb6 66. d8=Q+ Kc5
67. Qd6+ Kc4 68. Ke6 Kc3 69. Qd5 Kc2 70. Qd4 Kb3 71. Qc5 Kb2 72. Qc4 Ka3 73. Qb5
Ka2 74. Kd5 Ka3 75. Kc4 Ka2 76. Kc3 Ka1 77. Qb2# {Black checkmated} 1-0

[Event "Team 45 45 League T93"]
[Site "Internet Chess Club"]
[Date "2022.08.05"]
[Round "4"]
[White "kingphisch"]
[Black "xingon"]
[Result "1-0"]
[WhiteElo "1344"]
[BlackElo "1282"]
[Opening "Sicilian: Grand Prix attack"]
[ECO "B23"]
[Time "16:01:08"]
[PlyCount "73"]
[TimeControl "2700+45"]

1. e4 c5 2. Nc3 Nc6 3. f4 g6 4. Nf3 Bg7 5. Bc4 d6 6. O-O Nf6 7. d3 O-O 8. a3 Bg4
9. Qe1 e5 10. f5 Bxf3 11. Rxf3 Nd4 12. Rf2 a6 13. Qd1 b5 14. Bd5 Rb8 15. Ne2
Nxd5 16. Nxd4 cxd4 17. exd5 Rb7 18. Qf3 Qa8 19. f6 Bh8 20. h4 Rc8 21. h5 Rcc7
22. hxg6 fxg6 23. Qg4 Rf7 24. Qe6 Qf8 25. Bg5 h6 26. Bh4 g5 27. Bg3 Kh7 28. Qf5+
Kg8 29. Qg6+ Bg7 30. Raf1 Kh8 31. fxg7+ Rxg7 32. Rxf8+ Rg8 33. Qxh6+ Rh7 34.
Qf6+ Rg7 35. Rxg8+ Kxg8 36. Qf8+ Kh7 37. Rf7 {Black resigns} 1-0

[Event "Team 45 45 League T93"]
[Site "Internet Chess Club"]
[Date "2022.08.08"]
[Round "4"]
[White "Chess4Him"]
[Black "evan7284"]
[Result "1/2-1/2"]
[WhiteElo "1459"]
[BlackElo "1549"]
[Opening "Queen's pawn game"]
[ECO "D02"]
[Time "10:30:32"]
[PlyCount "52"]
[TimeControl "2700+45"]

1. d4 d5 2. Nf3 f5 3. Bf4 e6 4. e3 Nf6 5. Be2 Be7 6. Nbd2 O-O 7. h3 Ne4 8. c4 c6
9. Qb3 Nd7 10. g4 Qb6 11. c5 Qxb3 12. axb3 Ndf6 13. g5 Nxd2 14. Nxd2 Ne4 15. h4
Nxd2 16. Kxd2 Bd7 17. h5 a6 18. Rag1 Bd8 19. Kc3 Rc8 20. Bd6 Re8 21. Be5 Bc7 22.
f4 Bxe5 23. fxe5 Rf8 24. Rh4 Rb8 25. b4 Ra8 26. Ra1 Rfe8 {Game drawn by mutual
agreement} 1/2-1/2

[Event "Team 45 45 League T93"]
[Site "Internet Chess Club"]
[Date "2022.08.08"]
[Round "4"]
[White "WillC"]
[Black "BlueStorm"]
[Result "1-0"]
[WhiteElo "1588"]
[BlackElo "1479"]
[Opening "King's Indian: East Indian defense"]
[ECO "A48"]
[Time "20:00:54"]
[PlyCount "59"]
[TimeControl "2700+45"]

1. d4 Nf6 2. Nf3 g6 3. b3 d5 4. Bb2 Bg7 5. e3 O-O 6. Bd3 b6 7. O-O Ba6 8. c4
dxc4 9. bxc4 e6 10. Qa4 c5 11. Nc3 Qd7 12. Qc2 Nc6 13. Rad1 Nb4 14. Qb3 Nxd3 15.
Rxd3 Qc7 16. Nb5 Bxb5 17. Qxb5 Rfd8 18. Rfd1 Ne4 19. a4 Nd6 20. Qb3 cxd4 21.
Nxd4 Qxc4 22. Qa3 Qc7 23. Rc1 Qe7 24. Nc6 Bf8 25. Nxe7+ Bxe7 26. Qc3 f6 27. Rcd1
Kf7 28. Rxd6 Rxd6 29. Rxd6 Ke8 30. Qc6+ {Black resigns} 1-0

[Event "Team 45 45 League T93"]
[Site "Internet Chess Club"]
[Date "2022.08.05"]
[Round "4"]
[White "Ostap-Bender"]
[Black "RD1974"]
[Result "0-1"]
[WhiteElo "1200"]
[BlackElo "1576"]
[Opening "French: advance, Paulsen attack"]
[ECO "B40"]
[Time "17:01:03"]
[PlyCount "128"]
[TimeControl "2700+45"]

1. e4 c5 2. Nf3 e6 3. c3 Nc6 4. d4 d5 5. e5 Nh6 6. Bxh6 gxh6 7. Be2 cxd4 8. cxd4
Bg7 9. O-O O-O 10. Nc3 a6 11. a4 f6 12. exf6 Bxf6 13. Re1 Ne7 14. Ne5 Bxe5 15.
dxe5 Qb6 16. Bf3 Qxb2 17. Qc1 Qb6 18. Rb1 Qd8 19. Ne2 Ng6 20. Nd4 Nf4 21. Qe3
Qe8 22. Ne2 Ng6 23. Bh5 Kg7 24. Nf4 Qf7 25. Nxg6 hxg6 26. Qg3 Qf5 27. Bg4 Qf4
28. Qxf4 Rxf4 29. Bd1 Rb8 30. Rb6 Kf7 31. g3 Rc4 32. Bb3 Rc3 33. Rd1 Bd7 34. a5
Bc6 35. Kf1 Rc5 36. Ra1 Bb5+ 37. Ke1 Rc3 38. Ba4 Bxa4 39. Rxa4 Rc1+ 40. Kd2 Rc7
41. Rab4 g5 42. f4 Re7 43. fxg5 hxg5 44. Ke3 Kg6 45. h4 Kf5 46. hxg5 Kxe5 47.
Rf4 Rg8 48. Rg4 Reg7 49. Kf3 Rxg5 50. Rxg5+ Rxg5 51. Rxb7 d4 52. Rb6 d3 53. Rxa6
Kd4 54. Rd6+ Kc3 55. a6 Ra5 56. Rc6+ Kd2 57. Rxe6 Kd1 58. Rd6 d2 59. Ke3 Ra3+
60. Kf2 Ra2 61. Ke3 Ke1 62. a7 d1=Q 63. a8=Q Qe2+ 64. Kf4 Rxa8 {White resigns}
0-1